3L
LONG ISLAND LIGHTHOUSE @ KINGSTON TOWNSHIP KNIGHTS
09/17/2041
 
TOP OF THE 1ST
Long Island Lighthouse batting - Pitching for Kingston Township Knights : RHP Zebulon Vermillion
Pitching: RHP Zebulon Vermillion
Batting: RHB Eugene Bennett 0-0: Ball
1-0: Ball
2-0: Called Strike
2-1: Swinging Strike
2-2: Ball
3-2: Strikes out swinging
Batting: RHB Mark Toope 0-0: Ball
1-0: Ball
2-0: Foul Ball, location: 2F
2-1: SINGLE (Groundball, 34, EV 101.2 MPH) (infield hit)
Batting: RHB Jonas van Claveren 0-0: Ball
Mark Toope steals 2nd base
1-0: Called Strike
1-1: SINGLE (Flyball, 78M, EV 93.8 MPH)
Mark Toope to third
Runner from 3rd tries for Home, SAFE, no throw by LF
Batting: RHB Oliver Villalva 0-0: Ball
Jonas van Claveren steals 2nd base (no throw)
1-0: Fly out, F9 (Flyball, 9LS, EV 88.1 MPH)
Batting: SHB Vicente Romero 0-0: Ball
1-0: Ground out 6-3 (Groundball, 4M, EV 100.0 MPH)
Top of the 1st over - 1 run, 2 hits, 0 errors, 1 left on base; Long Island 1 - Kingston Township 0
BOTTOM OF THE 1ST
Kingston Township Knights batting - Pitching for Long Island Lighthouse : RHP Jeremy Brody
Pitching: RHP Jeremy Brody
Batting: RHB Daniel Maldonado 0-0: DOUBLE (Line Drive, 78D, EV 106.2 MPH)
Batting: RHB Amor Campos 0-0: Called Strike
0-1: Called Strike
0-2: Ball
1-2: Fly out, F9 (Flyball, 9, EV 76.2 MPH)
Batting: RHB Daniel McCoy 0-0: Foul Ball, location: 2F
0-1: Swinging Strike
0-2: Foul Ball, location: 2F
0-2: Ball
1-2: Fly out, F8 (Flyball, 8RXD, EV 106.2 MPH)
Runner from 2nd tags up, SAFE at 3rd, no throw by CF
Batting: LHB Ed Mellor 0-0: Ball
1-0: Ball
2-0: Called Strike
2-1: Ball
3-1: Foul Ball, location: 2F
3-2: Base on Balls
Batting: RHB Holden Ford 0-0: Foul Ball, location: 2F
0-1: Called Strike
0-2: Ball
Wild Pitch!
Daniel Maldonado scores
Ed Mellor to second
1-2: Strikes out swinging
Bottom of the 1st over - 1 run, 1 hit, 0 errors, 1 left on base; Long Island 1 - Kingston Township 1
TOP OF THE 2ND
Long Island Lighthouse batting - Pitching for Kingston Township Knights : RHP Zebulon Vermillion
Batting: RHB Carlos Mendoza 0-0: Ground out 6-3 (Groundball, 6, EV 86.2 MPH)
Batting: RHB Quan Easterling 0-0: Ball
1-0: Ball
2-0: Foul Ball, location: 2F
2-1: Swinging Strike
2-2: Ball
3-2: Reached on error, E5 (Groundball, 56S, EV 71.2 MPH)
Batting: RHB Alberto Ramírez 0-0: Foul Ball, location: 2F
0-1: Ball
1-1: Fly out, F9 (Flyball, 9LS, EV 90.0 MPH)
Batting: RHB Nathan Pruitt 0-0: Ball
1-0: Foul Ball, location: 2F
1-1: SINGLE (Groundball, 6MD, EV 101.9 MPH)
Quan Easterling to third
Runner from 3rd tries for Home, SAFE, no throw by CF
Batting: RHB Eugene Bennett 0-0: SINGLE (Groundball, 56, EV 107.5 MPH) (infield hit)
Nathan Pruitt to second
Batting: RHB Mark Toope 0-0: Called Strike
0-1: Ball
1-1: Foul Ball, location: 2F
1-2: Ball
2-2: Ball
3-2: Foul Ball, location: 2F
3-2: Base on Balls
Nathan Pruitt to third
Eugene Bennett to second
Batting: RHB Jonas van Claveren 0-0: Ball
1-0: Foul Ball, location: 2F
1-1: Foul Ball, location: 2F
1-2: Foul Ball, location: 2F
1-2: Ball
2-2: Ball
3-2: SINGLE (Groundball, 6D, EV 108.8 MPH)
Nathan Pruitt scores
Eugene Bennett to third
Mark Toope to second
Eugene Bennett scores
Mark Toope to third
Batting: RHB Oliver Villalva 0-0: Ball
1-0: DOUBLE (Groundball, 3L, EV 100.6 MPH)
Mark Toope scores
Jonas van Claveren to third
Runner from 3rd tries for Home, SAFE, throw by RF to trailing runner, SAFE at third!
Batting: SHB Vicente Romero 0-0: Called Strike
0-1: Ball
1-1: Called Strike
1-2: Ball
2-2: Fly out, F4 (Line Drive, 4, EV 73.1 MPH)
Top of the 2nd over - 5 runs, 4 hits, 1 error, 1 left on base; Long Island 6 - Kingston Township 1
BOTTOM OF THE 2ND
Kingston Township Knights batting - Pitching for Long Island Lighthouse : RHP Jeremy Brody
Batting: RHB Jorge Ozezera 0-0: Called Strike
0-1: Foul Ball, location: 2F
0-2: Ball
1-2: Ball
2-2: SINGLE (Groundball, 34D, EV 109.4 MPH)
Batting: RHB Tom Rowland 0-0: Called Strike
0-1: Ball
1-1: Grounds into double play, 6-4-3 (Groundball, 6M, EV 95.0 MPH)
Batting: RHB Takenao Wakabayashi 0-0: Ground out 5-3 (Groundball, 56S, EV 69.4 MPH)
Bottom of the 2nd over - 0 runs, 1 hit, 0 errors, 0 left on base; Long Island 6 - Kingston Township 1
TOP OF THE 3RD
Long Island Lighthouse batting - Pitching for Kingston Township Knights : RHP Zebulon Vermillion
Batting: RHB Carlos Mendoza 0-0: Called Strike
0-1: Called Strike
0-2: Ground out 4-3 (Groundball, 4, EV 88.8 MPH)
Batting: RHB Quan Easterling 0-0: Called Strike
0-1: Swinging Strike
0-2: Strikes out swinging
Batting: RHB Alberto Ramírez 0-0: Ball
1-0: Ball
2-0: Called Strike
2-1: Called Strike
2-2: Foul Ball, location: 2F
2-2: Ball
3-2: Reached on error, E3 (Groundball, 34, EV 90.0 MPH)
Batting: RHB Nathan Pruitt 0-0: Ball
1-0: Called Strike
1-1: Swinging Strike
1-2: Ground out 6-3 (Groundball, 6, EV 89.4 MPH)
Top of the 3rd over - 0 runs, 0 hits, 1 error, 1 left on base; Long Island 6 - Kingston Township 1
BOTTOM OF THE 3RD
Kingston Township Knights batting - Pitching for Long Island Lighthouse : RHP Jeremy Brody
Batting: RHB Glenn Curtis 0-0: Ball
1-0: Called Strike
1-1: Ball
2-1: SINGLE (Groundball, 34D, EV 101.9 MPH)
Batting: RHB Daniel Maldonado 0-0: Ball
1-0: Called Strike
1-1: Ball
2-1: Ball
3-1: DOUBLE (Flyball, 78XD, EV 106.9 MPH)
Glenn Curtis to third
Batting: RHB Amor Campos 0-0: Ball
1-0: SINGLE (Groundball, 34D, EV 95.6 MPH)
Glenn Curtis scores
Daniel Maldonado to third
Runner from 3rd tries for Home, SAFE, no throw by RF
Batting: RHB Daniel McCoy 0-0: Ball
1-0: Foul Ball, location: 2F
1-1: Ball
2-1: Foul Ball, location: 2F
2-2: Strikes out looking
Batting: LHB Ed Mellor 0-0: Foul Ball, location: 2F
0-1: Ball
1-1: Ball
2-1: Called Strike
2-2: Ball
3-2: Base on Balls
Amor Campos to second
Batting: RHB Holden Ford 0-0: Ball
1-0: Foul Ball, location: 2F
1-1: Called Strike
1-2: Strikes out swinging
Batting: RHB Jorge Ozezera 0-0: Ball
1-0: Ball
2-0: SINGLE (Flyball, 89M, EV 84.4 MPH)
Amor Campos to third
Ed Mellor to second
Runner from 3rd tries for Home, SAFE, throw by RF to home
Batting: RHB Tom Rowland 0-0: Ball
1-0: Fly out, F8 (Flyball, 8LM, EV 90.6 MPH)
Bottom of the 3rd over - 3 runs, 4 hits, 0 errors, 2 left on base; Long Island 6 - Kingston Township 4
TOP OF THE 4TH
Long Island Lighthouse batting - Pitching for Kingston Township Knights : RHP Zebulon Vermillion
Batting: RHB Eugene Bennett 0-0: Ball
1-0: Ground out 3-1 (Groundball, 34, EV 93.1 MPH)
Batting: RHB Mark Toope 0-0: Called Strike
0-1: Swinging Strike
0-2: Foul Ball, location: 2F
0-2: Ball
1-2: SOLO HOME RUN (Flyball, 7D, EV 109.4 MPH), Distance : 415 ft
Batting: RHB Jonas van Claveren 0-0: Ground out 1-3 (Groundball, 13S, EV 72.5 MPH)
Batting: RHB Oliver Villalva 0-0: Called Strike
0-1: Ball
1-1: SOLO HOME RUN (Flyball, 7LD, EV 114.4 MPH), Distance : 353 ft
Pitching: RHP Kent Horton
Batting: SHB Vicente Romero 0-0: SINGLE (Line Drive, 4D, EV 96.9 MPH)
Batting: RHB Carlos Mendoza 0-0: Ball
1-0: Ball
2-0: Ball
3-0: Called Strike
3-1: Base on Balls
Vicente Romero to second
Batting: RHB Quan Easterling 0-0: Ball
1-0: Ball
2-0: Swinging Strike
2-1: Fly out, F8 (Flyball, 8LD, EV 101.2 MPH)
Top of the 4th over - 2 runs, 3 hits, 0 errors, 2 left on base; Long Island 8 - Kingston Township 4
BOTTOM OF THE 4TH
Kingston Township Knights batting - Pitching for Long Island Lighthouse : RHP Jeremy Brody
Batting: RHB Takenao Wakabayashi 0-0: Ball
1-0: Foul Ball, location: 2F
1-1: Foul Ball, location: 2F
1-2: Foul Ball, location: 2F
1-2: Ball
2-2: Fly out, F4 (Popup, 34S, EV 74.4 MPH)
Batting: RHB Glenn Curtis 0-0: Swinging Strike
0-1: Called Strike
0-2: Foul Ball, location: 2F
0-2: Strikes out swinging
Batting: RHB Daniel Maldonado 0-0: Called Strike
0-1: SINGLE (Groundball, 6MD, EV 98.1 MPH)
Batting: RHB Amor Campos 0-0: Swinging Strike
0-1: Ground out 1-3 (Groundball, 13S, EV 65.0 MPH)
Bottom of the 4th over - 0 runs, 1 hit, 0 errors, 1 left on base; Long Island 8 - Kingston Township 4
TOP OF THE 5TH
Long Island Lighthouse batting - Pitching for Kingston Township Knights : RHP Kent Horton
Batting: RHB Alberto Ramírez 0-0: Ball
1-0: Ball
2-0: Ball
3-0: Base on Balls
Batting: RHB Nathan Pruitt 0-0: Ball
1-0: Called Strike
1-1: Swinging Strike
1-2: Ball
2-2: Ball
Alberto Ramírez steals 2nd base
3-2: Fly out, F3 (Popup, 3F, EV 69.4 MPH)
Batting: RHB Eugene Bennett 0-0: Ground out 5-3 (Groundball, 56, EV 82.5 MPH)
Batting: RHB Mark Toope 0-0: Foul Ball, location: 2F
0-1: Fly out, F8 (Flyball, 8RM, EV 77.5 MPH)
Top of the 5th over - 0 runs, 0 hits, 0 errors, 1 left on base; Long Island 8 - Kingston Township 4
BOTTOM OF THE 5TH
Kingston Township Knights batting - Pitching for Long Island Lighthouse : RHP Jeremy Brody
Batting: RHB Daniel McCoy 0-0: Foul Ball, location: 2F
0-1: Swinging Strike
0-2: Foul Ball, location: 2F
0-2: Ground out 5-3 (Groundball, 56, EV 105.6 MPH)
Batting: LHB Ed Mellor 0-0: Called Strike
0-1: Swinging Strike
0-2: Ball
1-2: Foul Ball, location: 2F
1-2: Ball
2-2: Foul Ball, location: 2F
2-2: Ball
3-2: Strikes out swinging
Batting: RHB Holden Ford 0-0: Ball
1-0: Called Strike
1-1: Ball
2-1: Swinging Strike
2-2: Ball
3-2: Base on Balls
Batting: RHB Jorge Ozezera 0-0: Called Strike
0-1: Ball
1-1: Foul Ball, location: 2F
1-2: SINGLE (Groundball, 6D, EV 105.6 MPH)
Holden Ford to second
Batting: RHB Tom Rowland 0-0: Called Strike
0-1: Called Strike
0-2: Fielders Choice at 2nd, 6-4 (Groundball, 6, EV 80.6 MPH)
Bottom of the 5th over - 0 runs, 1 hit, 0 errors, 2 left on base; Long Island 8 - Kingston Township 4
TOP OF THE 6TH
Long Island Lighthouse batting - Pitching for Kingston Township Knights : RHP Kent Horton
Batting: RHB Jonas van Claveren 0-0: Ball
1-0: Ball
2-0: Ball
3-0: Called Strike
3-1: Base on Balls
Batting: RHB Oliver Villalva 0-0: Ball
1-0: Ground out 5-3 (Groundball, 56S, EV 70.6 MPH)
Jonas van Claveren to second
Batting: SHB Vicente Romero 0-0: Fly out, F7 (Flyball, 7LD, EV 85.6 MPH)
Runner from 2nd tags up, SAFE at 3rd, no throw by LF
Batting: RHB Carlos Mendoza 0-0: Fly out, F9 (Flyball, 9LS, EV 88.1 MPH)
Top of the 6th over - 0 runs, 0 hits, 0 errors, 1 left on base; Long Island 8 - Kingston Township 4
BOTTOM OF THE 6TH
Kingston Township Knights batting - Pitching for Long Island Lighthouse : RHP Jeremy Brody
Batting: RHB Takenao Wakabayashi 0-0: Called Strike
0-1: Called Strike
0-2: Ball
1-2: Ball
2-2: Ball
3-2: Reached on error, E3 (Groundball, 34, EV 83.8 MPH)
Batting: RHB Glenn Curtis 0-0: Ball
1-0: Ball
2-0: Called Strike
2-1: Called Strike
2-2: Fielders Choice at 2nd, 1-4 (Groundball, 15S, EV 68.1 MPH)
Pitching: RHP Mac Hippenhammer
Batting: RHB Daniel Maldonado 0-0: Ball
1-0: Called Strike
1-1: Ball
2-1: SINGLE (Line Drive, 4MD, EV 103.8 MPH)
Glenn Curtis to second
Batting: RHB Amor Campos 0-0: Foul Ball, location: 2F
0-1: SINGLE (Groundball, 4D, EV 97.5 MPH)
Glenn Curtis to third
Daniel Maldonado to second
Runner from 3rd tries for Home, SAFE, no throw by CF
Batting: RHB Daniel McCoy 0-0: Called Strike
0-1: Foul Ball, location: 2F
0-2: SINGLE (Groundball, 6MD, EV 95.6 MPH)
Daniel Maldonado to third
Amor Campos to second
Runner from 3rd tries for Home, SAFE, no throw by CF
Batting: LHB Ed Mellor 0-0: Fly out, F7 (Flyball, 7LS, EV 88.8 MPH)
Batting: RHB Holden Ford 0-0: Ball
1-0: Ball
2-0: Called Strike
2-1: Fly out, F9 (Flyball, 89XD, EV 104.4 MPH)
Bottom of the 6th over - 2 runs, 3 hits, 1 error, 2 left on base; Long Island 8 - Kingston Township 6
TOP OF THE 7TH
Long Island Lighthouse batting - Pitching for Kingston Township Knights : RHP Kent Horton
Batting: RHB Quan Easterling 0-0: Called Strike
0-1: Called Strike
0-2: TRIPLE (Groundball, 3L, EV 100.6 MPH)
Batting: RHB Alberto Ramírez 0-0: Ball
1-0: Ground out 1-3 (Groundball, P, EV 83.8 MPH)
Batting: RHB Nathan Pruitt 0-0: Swinging Strike
0-1: Ball
1-1: Called Strike
1-2: SINGLE (Groundball, 56, EV 97.5 MPH)
Quan Easterling scores
Pitching: RHP Elroy Quaid
Batting: RHB Eugene Bennett 0-0: Swinging Strike
0-1: Fly out, F7 (Flyball, 78M, EV 85.0 MPH)
Batting: RHB Mark Toope 0-0: Ball
1-0: Ball
2-0: Ball
3-0: Base on Balls
Nathan Pruitt to second
Batting: RHB Jonas van Claveren 0-0: Ball
1-0: Called Strike
1-1: Fly out, F7 (Flyball, 7S, EV 86.2 MPH)
Top of the 7th over - 1 run, 2 hits, 0 errors, 2 left on base; Long Island 9 - Kingston Township 6
BOTTOM OF THE 7TH
Kingston Township Knights batting - Pitching for Long Island Lighthouse : RHP Mac Hippenhammer
Batting: RHB Jorge Ozezera 0-0: Called Strike
0-1: Foul Ball, location: 2F
0-2: Strikes out swinging
Batting: RHB Tom Rowland 0-0: Ball
1-0: Foul Ball, location: 2F
1-1: Fly out, F8 (Flyball, 8RM, EV 73.1 MPH)
Batting: RHB Takenao Wakabayashi 0-0: Ball
1-0: Ball
2-0: Ball
3-0: Called Strike
3-1: Foul Ball, location: 2F
3-2: Base on Balls
Batting: RHB Glenn Curtis 0-0: Ball
1-0: Swinging Strike
1-1: Foul Ball, location: 2F
1-2: Strikes out swinging
Bottom of the 7th over - 0 runs, 0 hits, 0 errors, 1 left on base; Long Island 9 - Kingston Township 6
TOP OF THE 8TH
Long Island Lighthouse batting - Pitching for Kingston Township Knights : RHP Elroy Quaid
Batting: RHB Oliver Villalva 0-0: Ball
1-0: SINGLE (Groundball, 6MD, EV 99.4 MPH)
Batting: SHB Vicente Romero 0-0: Ball
1-0: Ball
2-0: Called Strike
2-1: Foul Ball, location: 2F
2-2: Ball
3-2: SINGLE (Groundball, 4D, EV 97.5 MPH)
Oliver Villalva to second
Runner from 2nd tries for 3rd, SAFE, throw by RF made to third
Batting: RHB Carlos Mendoza 0-0: Ball
1-0: Called Strike
1-1: Ball
2-1: Fly out, F8 (Flyball, 8RM, EV 86.9 MPH)
Runner from 3rd tags up, SCORES, throw by CF
Batting: RHB Quan Easterling 0-0: Ball
1-0: Foul Ball, location: 2F
1-1: Ball
2-1: SINGLE (Line Drive, 4D, EV 108.1 MPH)
Vicente Romero to second
Pitching: RHP Jacob Messer
Batting: RHB Alberto Ramírez 0-0: Ball
1-0: Called Strike
1-1: Foul Ball, location: 2F
1-2: Strikes out looking
Batting: RHB Nathan Pruitt 0-0: Called Strike
0-1: Foul Ball, location: 2F
0-2: Ball
1-2: Ground out 4-3 (Groundball, 4M, EV 83.8 MPH)
Top of the 8th over - 1 run, 3 hits, 0 errors, 2 left on base; Long Island 10 - Kingston Township 6
BOTTOM OF THE 8TH
Kingston Township Knights batting - Pitching for Long Island Lighthouse : RHP Mac Hippenhammer
Batting: RHB Daniel Maldonado 0-0: Ball
1-0: Called Strike
1-1: Foul Ball, location: 2F
1-2: Strikes out looking
Batting: RHB Amor Campos 0-0: Ball
1-0: Ball
2-0: Ball
3-0: Base on Balls
Pitching: RHP Jorge Villanueva
Batting: RHB Daniel McCoy 0-0: Called Strike
0-1: Grounds out, U3 (Groundball, 3L, EV 86.2 MPH)
Batting: LHB Ed Mellor 0-0: Swinging Strike
0-1: Called Strike
0-2: Strikes out looking
Bottom of the 8th over - 0 runs, 0 hits, 0 errors, 1 left on base; Long Island 10 - Kingston Township 6
TOP OF THE 9TH
Long Island Lighthouse batting - Pitching for Kingston Township Knights : RHP Jacob Messer
Pitching: LHP David Blake
Batting: RHB Eugene Bennett 0-0: Ball
1-0: Ball
2-0: Ground out 5-3 (Groundball, 56S, EV 68.1 MPH)
Batting: RHB Mark Toope 0-0: Fly out, F7 (Line Drive, 7, EV 91.9 MPH)
Batting: RHB Jonas van Claveren 0-0: Called Strike
0-1: Ball
1-1: Foul Ball, location: 2F
1-2: Ball
2-2: Foul Ball, location: 2F
2-2: Foul Ball, location: 2F
2-2: Foul Ball, location: 2F
2-2: Foul Ball, location: 2F
2-2: DOUBLE (Line Drive, 9LM, EV 108.8 MPH)
Batting: RHB Oliver Villalva 0-0: Ball
1-0: Ball
2-0: Ball
3-0: Called Strike
3-1: 2-RUN HOME RUN (Flyball, 8RXD, EV 98.8 MPH), Distance : 457 ft
Batting: SHB Vicente Romero 0-0: Ball
1-0: Called Strike
1-1: Foul Ball, location: 2F
1-2: Fly out, F8 (Flyball, 8LXD, EV 96.2 MPH)
Top of the 9th over - 2 runs, 2 hits, 0 errors, 0 left on base; Long Island 12 - Kingston Township 6
BOTTOM OF THE 9TH
Kingston Township Knights batting - Pitching for Long Island Lighthouse : RHP Jorge Villanueva
Batting: RHB Holden Ford 0-0: Called Strike
0-1: Ball
1-1: Fly out, F7 (Flyball, 78M, EV 94.4 MPH)
Batting: RHB Jorge Ozezera 0-0: Ball
1-0: Ball
2-0: Called Strike
2-1: SINGLE (Line Drive, 7S, EV 86.9 MPH)
Batting: RHB Tom Rowland 0-0: Fly out, F9 (Line Drive, 9, EV 111.2 MPH)
Batting: RHB Takenao Wakabayashi 0-0: Called Strike
0-1: Called Strike
0-2: Fly out, F2 (Popup, 23F, EV 88.8 MPH)
Bottom of the 9th over - 0 runs, 1 hit, 0 errors, 1 left on base; Long Island 12 - Kingston Township 6
Tuesday, January 5th, 2021 - OOTP Baseball 20.8 Build 74